AoeStats
← Danphont

MegaRandom

509997608Analyzed
3v3 RM · 5d ago on Sep 29, 2026· 73m 6s· 6 players
Game mode
Random Map
Map size
Normal (6 player)
Population
200
Speed
Normal
Resources
Standard
Victory
Conquest
Starting age
Dark Age
Ending age
Imperial Age
RankedLock teamsTeams togetherTeam positionsShared explorationLock speedFull tech treeHidden civsTurbo modeCheats
Victory
Defeat
🇨🇱 Japanese · Chile
528
+16
🇨🇱 Danes · Chile
513
+17
🇨🇱 Britons · Chile
513
+17
🇦🇺 Franks · Australia
604
-20
🇨🇱 Japanese · Chile
555
-18
🇮🇹 Vietnamese · Italy
424
-12
Danphont
10:16 Feudal Age
10:37 Man-at-Arms
17:17 Arson
18:04 Scale Mail Armor
17:53 Loom
29:11 Double-Bit Axe
31:25 Forging
38:38 Horse Collar
40:59 Padded Archer Armor
40:50 Fletching
43:12 Bloodlines
50:42 Castle Age
54:09 Castle Age
52:06 Gold Mining
54:18 Long Swordsman
54:44 Gambesons
54:59 Squires
60:05 Chain Mail Armor
60:26 Iron Casting
64:58 Masonry
67:10 Scale Barding Armor
67:01 Bodkin Arrow
67:43 Wheelbarrow
72:52 Hand Cart
Snow Mun
13:08 Feudal Age
16:32 Double-Bit Axe
17:44 Padded Archer Armor
17:34 Fletching
20:19 Scale Mail Armor
20:31 Forging
20:25 Loom
21:17 Wheelbarrow
20:27 Town Watch
25:41 Castle Age
26:43 Crossbowman
27:29 Thumb Ring
32:40 Leather Archer Armor
32:21 Bodkin Arrow
34:15 Ballistics
39:31 Bow Saw
42:07 Imperial Age
44:45 Ring Archer Armor
44:51 Iron Casting
44:23 Scale Barding Armor
44:38 Chain Mail Armor
45:17 Yasama
52:31 Elite Samurai
60:59 Pikeman
61:39 Squires
63:12 Chemistry
62:15 Bracer
62:46 Plate Mail Armor
63:17 Blast Furnace
63:39 Arbalester
Chupalla
10:16 Feudal Age
11:00 Double-Bit Axe
14:15 Horse Collar
19:23 Fletching
19:34 Padded Archer Armor
29:20 Castle Age
29:09 Gold Mining
29:10 Stone Mining
29:36 Forging
32:54 Gold Shaft Mining
32:53 Leather Archer Armor
32:34 Bodkin Arrow
32:53 Bow Saw
32:47 Heavy Plow
32:16 Elite Skirmisher
41:11 Ballistics
40:22 Crossbowman
43:30 Wheelbarrow
45:28 Imperial Age
46:45 Elite Longbowman
48:34 Chemistry
48:09 Ring Archer Armor
47:40 Bracer
52:57 Two-Man Saw
57:22 Arbalester
58:26 Bracer
61:21 Hand Cart
64:57 Caravan
65:06 Caravan
66:12 Warwolf
69:59 Yeomen
73:19 Conscription
Jeshu17hds
1:15 Loom
12:35 Feudal Age
15:06 Wheelbarrow
16:20 Town Watch
23:56 Man-at-Arms
29:20 Arson
34:05 Castle Age
34:12 Long Swordsman
34:37 Gambesons
34:54 Squires
34:18 Elite Skirmisher
35:03 Thumb Ring
36:22 Hand Cart
36:36 Horse Collar
53:29 Yasama
53:23 Double-Bit Axe
64:46 Bow Saw
69:40 Treadmill Crane
69:56 Murder Holes
71:16 Ballistics
71:08 Masonry
Odin
0:29 Loom
13:59 Feudal Age
14:28 Man-at-Arms
15:14 Town Watch
15:55 Arson
18:55 Wheelbarrow
19:57 Scale Mail Armor
24:32 Scale Barding Armor
24:28 Padded Archer Armor
26:26 Double-Bit Axe
30:21 Castle Age
29:36 Fletching
30:01 Gold Mining
30:13 Stone Mining
31:31 Hand Cart
31:35 Bow Saw
31:15 Long Swordsman
31:56 Squires
31:20 Elite Skirmisher
36:32 Chain Mail Armor
37:09 Pikeman
39:19 Gambesons
38:59 Crossbowman
46:49 Imperial Age
44:22 Town Patrol
48:48 Husbandry
48:09 Light Cavalry
49:11 Chivalry
49:34 Conscription
50:15 Gold Shaft Mining
49:23 Cavalier
49:49 Two-Handed Swordsman
51:45 Hoardings
54:06 Paladin
56:26 Forging
56:11 Bodkin Arrow
56:47 Plate Mail Armor
56:32 Leather Archer Armor
56:56 Fortified Wall
59:37 Caravan
62:02 Heavy Scorpion
65:10 Chain Barding Armor
70:04 Champion
hushaoqing19940215
10:49 Feudal Age
13:58 Man-at-Arms
30:36 Horse Collar
30:45 Double-Bit Axe
37:52 Castle Age
39:09 Stone Mining
40:34 Stone Shaft Mining
40:13 Bow Saw
40:07 Heavy Plow
40:35 Padded Archer Armor
40:26 Fletching
41:21 Long Swordsman
43:19 Gold Mining
43:56 Leather Archer Armor
43:56 Pikeman
61:05 Imperial Age
63:24 Chemistry
63:39 Elite Rattan Archer
Connection lost

Rejoining the realm…

Still unreachable

The connection could not be restored.

Session expired

The server has moved on; the page needs a fresh start.